 Dungeon Crawl Stone Soup version 0.20.0-6-gd3061e9 (webtiles) character file.

98176 ghjk the Executioner (level 15, -12/136 HPs)
             Began as a Minotaur Fighter on May 28, 2017.
             Was the Champion of Okawaru.
             Killed by the raging water
             ... invoked by a water nymph
              (29 damage)
             ... on level 2 of the Shoals.
             The game lasted 00:41:50 (21824 turns).

ghjk the Executioner (Minotaur Fighter)            Turns: 21824, Time: 00:41:50

Health: -12/136    AC: 42    Str: 26    XL:     15   Next: 74%
Magic:  14/14      EV:  8    Int:  5    God:    Okawaru [******]
Gold:   338        SH:  3    Dex: 11    Spells: 14/14 levels left

rFire    + . .     SeeInvis .   I - +4 battleaxe (flame)
rCold    + . .     Gourm    .   (shield currently unavailable)
rNeg     . . .     Faith    .   Y - +11 crystal plate armour
rPois    +         Spirit   .   A - +1 hat {MR+}
rElec    .         Reflect  +   v - scarf {rC+ rF+}
rCorr    .         Harm     .   O - +1 pair of gloves
MR       ++...                  U - +2 pair of boots {Fly}
Stlth    ..........             V - +3 amulet of reflection
Regen    0.4/turn               N - +5 ring of slaying
MPRegen  0.2/turn               Q - ring of poison resistance

@: flying
A: retaliatory headbutt, horns 2
a: Heroism, Finesse, Renounce Religion, Stop Flying


You were on level 2 of the Shoals.
You worshipped Okawaru.
Okawaru was exalted by your worship.
You were very hungry.

You visited 6 branches of the dungeon, and saw 25 of its levels.
You also visited: Ossuary.

You collected 2642 gold pieces.
You spent 2304 gold pieces at shops.

Inventory:

Hand Weapons
 e - a +0 antimagic battleaxe
 I - a +4 battleaxe of flaming (weapon)
 R - a +2 scimitar of flaming
Armour
 c - a +0 shield
 p - a +2 cloak of magic resistance
 v - a scarf of resistance (worn)
 A - a +1 hat of magic resistance (worn)
 O - a +1 pair of gloves (worn)
 U - a +2 pair of boots of flying (worn)
 X - a +0 hat
 Y - a +11 crystal plate armour (worn)
Jewellery
 b - an uncursed amulet of rage
 m - an uncursed ring of positive energy
 q - an uncursed amulet of the gourmand
 C - an uncursed ring of fire
 D - an uncursed ring of protection from fire
 K - an uncursed ring of see invisible
 N - a +5 ring of slaying (left hand)
 Q - a ring of poison resistance (right hand)
 V - a +3 amulet of reflection (around neck)
 W - an uncursed ring of resist corrosion
 Z - an uncursed amulet of harm
Wands
 g - a wand of polymorph (14/24)
 h - a wand of random effects (22/48)
 E - a wand of random effects (28/48)
 J - a wand of disintegration (13/24)
Scrolls
 a - 3 scrolls of recharging
 j - 7 scrolls of amnesia
 n - 8 scrolls of identify
 r - 2 scrolls of fear
 s - 7 scrolls of teleportation
 u - 4 scrolls of enchant weapon
 w - 4 scrolls of fog
 z - 4 scrolls of magic mapping
 H - 5 scrolls of remove curse
Potions
 i - 3 potions of cancellation
 k - 7 potions of curing
 l - a potion of might
 o - 2 potions of lignification
 t - 4 potions of magic
 x - a potion of invisibility
 B - a potion of agility
 G - 3 potions of haste
 L - a potion of heal wounds
 P - 2 potions of berserk rage
 T - 3 potions of brilliance
Comestibles
 d - 8 meat rations
 f - 17 bread rations
 F - 7 royal jellies


   Skills:
 + Level 13.6 Fighting
 + Level 3.9 Long Blades
 * Level 21.1 Axes
 * Level 16.3 Armour
 + Level 4.0 Dodging
 - Level 12.0 Shields
 + Level 0.2 Invocations


You had 14 spell levels left.
You didn't know any spells.

Dungeon Overview and Level Annotations

Branches:
Dungeon (13/15)            Temple (1/1) D:5            Lair (6/6) D:11
 Shoals (2/4) Lair:4       Spider (0/4) Lair:2          Orc (2/2) D:11
    Elf (1/3) Orc:2
  Slime: Lair:5-6    Vaults: D:13-14

Altars:
Ashenzari
Cheibriados
Dithmenos
Elyvilon
Fedhas
Gozag
Hepliaklqana
Kikubaaqudgha
Makhleb
Nemelex Xobeh
Okawaru
Qazlal
Ru
Sif Muna
Trog
Uskayaw
Vehumet
Xom
Yredelemnul
Zin
The Shining One
Beogh

Shops:
D:12 =   D:13 !   Orc:2 *==*

Annotations:
Lair:5 exclusion: 5 oklob plants
Shoals:2 exclusion: 2 oklob plants, Polyphemus


Innate Abilities, Weirdness & Mutations

You reflexively headbutt those who attack you in melee.
You have a pair of horns on your head.


Message History

The water rises up and strikes you!
* * * LOW HITPOINT WARNING * * *
You slash the merfolk siren! You burn the merfolk siren.
Your headbutt misses the merfolk siren.
The merfolk siren is heavily wounded.
The merfolk siren chants its luring song.
You barely miss the merfolk siren. Your headbutt misses the merfolk siren.
The merfolk siren is heavily wounded.
The merfolk siren chants its luring song.
You slice the merfolk siren!! You burn the merfolk siren!
You are no longer entranced.
You kill the merfolk siren!
Okawaru accepts your kill.
You hear a splash.
The water nymph points at you and mumbles some strange words.
The water rises up and strikes you!
* * * LOW HITPOINT WARNING * * *
The water nymph gestures at you while chanting.
The water rises up and strikes you!
You die...

## ##.≈≈≈≈≈≈≈≈≈.......≈≈..#
# #(≈≈≈≈≈≈≈≈≈..##.......# #
##.≈≈≈≈≈≈≈.....##.≈≈..# #
#..≈≈≈≈≈≈≈≈.......≈≈..# #
#.≈≈≈≈≈≈≈≈≈≈≈≈.......## #
#≈≈≈≈≈≈≈≈≈≈≈≈≈≈≈.≈...#
####.≈≈≈≈≈≈≈≈≈≈≈≈≈≈≈≈≈.....
..##.≈≈≈≈≈≈≈≈≈≈≈≈≈≈≈≈......
)....≈≈≈≈≈≈≈≈≈≈≈@≈≈≈≈≈.....
....≈≈≈≈≈≈≈≈≈≈≈≈≈≈≈≈≈≈.....
≈.....≈≈≈≈≈≈m≈≈≈≈≈≈≈≈≈.....
..##..≈≈≈≈≈≈≈≈≈≈≈≈≈≈≈≈..
.#. #.≈≈≈≈≈≈≈≈≈≈≈≈≈≈≈≈..
.... .≈≈≈≈≈≈≈≈≈≈≈≈≈≈≈≈..
≈.....≈≈≈≈≈≈≈≈≈≈≈≈≈≈≈≈..
≈≈..≈ ≈≈≈≈≈≈≈≈≈≈≈≈≈≈≈≈≈≈ ≈
≈≈≈


You could see a water nymph.

Vanquished Creatures
  Jorgrun (Shoals:2)
  Kirke (D:12)
  3 orc warlords
  Nessos (Lair:6)
  A dire elephant (Lair:6)
  2 ogre magi (Orc:2)
  Josephine (D:12)
  Harold (D:12)
  A catoblepas (Lair:6)
  6 hydras
  A rakshasa (D:11)
  Erica (D:11)
  A centaur warrior (D:12)
  The ghost of Exporg the Basher, a novice MiFi of the Shining One (D:8)
  The ghost of Exporg the Basher, a novice MiFi of the Shining One (D:9)
  The ghost of PeterMcNeter the Arsonist, a journeyman DEFE of Vehumet (Lair:4)
  13 two-headed ogres
  11 death yaks (Lair:6)
  A deep troll shaman (Lair:6)
  A deep elf knight (Elf:1)
  6 sea snakes
  2 deep trolls (Orc:2)
  2 unseen horrors
  A phantasmal warrior (D:12)
  A deep elf archer (Elf:1)
  2 manticores
  2 orc sorcerers (Orc:1)
  5 cyclopes
  7 deep elf magi (Elf:1)
  8 elephants
  2 ugly things
  6 black mambas
  4 merfolk sirens
  A gargoyle (D:12)
  9 rime drakes
  A torpor snail (Lair:6)
  11 spiny frogs
  An efreet (D:12)
  5 komodo dragons
  A kobold demonologist (D:12)
  14 trolls
  2 wind drakes (Shoals:1)
  4 merfolk (Shoals:1)
  2 polar bears
  A hornet (D:10)
  2 jumping spiders (Lair:2)
  4 blink frogs (Lair:4)
  2 meliai zombies (D:12)
  Grinder (D:5)
  15 hippogriffs
  Sigmund (D:2)
  8 wyverns
  2 redbacks (Lair:2)
  7 basilisks
  31 yaks
  A human (D:9)
  6 wraiths (D:12)
  Eustachio (D:5)
  2 chaos spawn (D:11)
  5 hogs
  4 vampire mosquitoes
  2 hungry ghosts
  3 wargs (Orc:1)
  An acid dragon (D:13)
  A hell hound (Lair:5)
  13 water moccasins
  5 porcupines
  23 orc warriors
  A sky beast (D:7)
  A phantom (D:4)
  A necrophage (D:11)
  9 wolves
  3 centaurs
  21 ogres
  13 crocodiles
  A big kobold (D:9)
  16 bullfrogs
  An earth elemental (Elf:1)
  2 wyvern zombies (Ossuary)
  A wyvern skeleton (D:13)
  5 scorpions
  A water moccasin skeleton (D:11)
  10 killer bees (D:7)
  8 wights
  3 howler monkeys
  6 crimson imps
  7 bullfrog zombies
  3 jellies
  7 centaur zombies
  14 orc priests
  5 centaur skeletons
  A bullfrog skeleton (D:10)
  Crazy Yiuf (D:2)
  4 hounds
  21 orc wizards
  Natasha (thrice) (D:2 D:3)
  6 iguanas
  13 worker ants
  A killer bee zombie (D:9)
  2 hound zombies (Ossuary)
  14 mummies (Ossuary)
  6 worker ant zombies
  3 gnolls (D:8)
  A howler monkey zombie (D:11)
  7 adders
  6 shadow imps
  2 oozes
  2 worms (D:2)
  5 dart slugs
  8 leopard geckos
  79 orcs
  6 bats
  6 giant cockroaches
  4 goblins (D:1)
  6 hobgoblins
  4 jackals (D:5)
  16 kobolds
  2 quokkas
  A ball python (D:3)
  7 frilled lizards
  2 jackal zombies
  A leopard gecko skeleton (D:9)
  2 leopard gecko zombies (Ossuary)
  A quokka skeleton (D:5)
  5 rats
  7 fungi
  4 plants
688 creatures vanquished.

Vanquished Creatures (others)
  A faun (Shoals:2)
  2 humans (D:12)
  3 fungi
  A withered plant (Ossuary)
7 creatures vanquished.

Grand Total: 695 creatures vanquished

Notes
Turn   | Place    | Note
-------+----------+-------------------------------------------
     0 | D:1      | ghjk the Minotaur Fighter began the quest for the Orb.
     0 | D:1      | Reached XP level 1. HP: 19/19 MP: 0/0
     2 | D:1      | Noticed a dwarf
     2 | D:1      | Noticed a draconian
     4 | D:1      | Noticed a centaur
     4 | D:1      | Noticed an octopode
     6 | D:1      | Noticed a vine stalker
     8 | D:1      | Noticed a ghoul
     8 | D:1      | Noticed a demigod
    10 | D:1      | Noticed an ogre
    12 | D:1      | Noticed a spriggan
    12 | D:1      | Noticed a human
    14 | D:1      | Noticed a demonspawn
    16 | D:1      | Noticed an elf
    16 | D:1      | Noticed a halfling
    18 | D:1      | Noticed a tengu
    18 | D:1      | Noticed a gargoyle
    20 | D:1      | Noticed a merfolk
    20 | D:1      | Noticed a troll
    22 | D:1      | Noticed a formicid
    22 | D:1      | Noticed a minotaur
    24 | D:1      | Noticed a felid
    26 | D:1      | Noticed a naga
    26 | D:1      | Noticed a vampire
   196 | D:1      | Reached XP level 2. HP: 26/27 MP: 1/1
   715 | D:2      | Noticed Sigmund
   719 | D:2      | Killed Sigmund
   719 | D:2      | Reached skill level 4 in Axes
   719 | D:2      | Reached skill level 5 in Armour
   719 | D:2      | Reached XP level 3. HP: 34/34 MP: 2/2
   719 | D:2      | Reached XP level 4. HP: 41/41 MP: 3/3
   719 | D:2      | Reached XP level 5. HP: 47/47 MP: 4/4
   956 | D:2      | Noticed Natasha
   967 | D:2      | Killed Natasha
   968 | D:2      | Found an opulent altar of Gozag.
   982 | D:2      | Noticed Natasha
   996 | D:2      | Killed Natasha
  1277 | D:2      | Found a runed door.
  1369 | D:2      | Reached XP level 6. HP: 53/53 MP: 5/5
  1557 | D:2      | Noticed Crazy Yiuf
  1566 | D:2      | Killed Crazy Yiuf
  1566 | D:2      | Reached skill level 5 in Axes
  1831 | D:3      | Noticed Natasha
  1845 | D:3      | Killed Natasha
  2168 | D:3      | Found a white marble altar of Elyvilon.
  2618 | D:4      | Reached skill level 1 in Dodging
  2701 | D:4      | Reached skill level 6 in Axes
  2703 | D:4      | Reached XP level 7. HP: 56/60 MP: 6/6
  2950 | D:5      | Entered Level 5 of the Dungeon
  2954 | D:5      | Noticed Grinder
  2955 | D:5      | Paralysed by Grinder for 2 turns
  2964 | D:5      | Paralysed by Grinder for 6 turns
  2981 | D:5      | Killed Grinder
  2981 | D:5      | Reached skill level 5 in Fighting
  2981 | D:5      | Reached skill level 7 in Axes
  3120 | D:5      | Found a blossoming altar of Fedhas.
  3264 | D:5      | Noticed Eustachio
  3311 | D:5      | Killed Eustachio
  3311 | D:5      | Reached skill level 8 in Axes
  3311 | D:5      | Reached XP level 8. HP: 61/68 MP: 7/7
  3402 | D:5      | Found a staircase to the Ecumenical Temple.
  3451 | Temple   | Entered the Ecumenical Temple
  3482 | D:5      | Found a sand-covered staircase.
  3488 | Ossuary  | Entered an ossuary
  3525 | Ossuary  | Reached skill level 5 in Shields
  3548 | Ossuary  | Reached skill level 9 in Axes
  3804 | Ossuary  | Reached skill level 10 in Axes
  4433 | D:6      | Reached XP level 9. HP: 75/75 MP: 8/8
  4693 | D:6      | Found a glowing silver altar of Zin.
  4918 | D:7      | Reached skill level 11 in Axes
  4980 | D:7      | Found an iron altar of Okawaru.
  4990 | D:7      | Became a worshipper of Warmaster Okawaru
  5357 | D:7      | Reached skill level 12 in Axes
  5611 | D:7      | Reached * piety under Okawaru
  5917 | D:8      | Noticed a two-headed ogre
  5926 | D:8      | Killed a two-headed ogre
  5926 | D:8      | Reached XP level 10. HP: 77/84 MP: 9/9
  6159 | D:8      | Noticed Exporg's ghost (novice MiFi)
  6172 | D:8      | Killed Exporg's ghost
  6635 | D:9      | Reached skill level 13 in Axes
  6743 | D:9      | Reached ** piety under Okawaru
  6764 | D:9      | Noticed Exporg's ghost (novice MiFi)
  6786 | D:9      | Killed Exporg's ghost
  7378 | D:9      | Found a shimmering altar of Xom.
  7416 | D:9      | Reached skill level 10 in Armour
  7578 | D:9      | Reached skill level 14 in Axes
  7585 | D:9      | Reached *** piety under Okawaru
  7741 | D:10     | Entered Level 10 of the Dungeon
  8042 | D:10     | Reached XP level 11. HP: 87/94 MP: 10/10
  8059 | D:10     | Killed an unseen horror
  8274 | D:10     | Reached **** piety under Okawaru
  8436 | D:11     | Found a staircase to the Lair.
  8512 | D:11     | Noticed a rakshasa
  8525 | D:11     | Killed a rakshasa
  8849 | D:11     | Noticed a red ugly thing
  8855 | D:11     | Killed a red ugly thing
  8855 | D:11     | Reached skill level 15 in Axes
  9204 | D:11     | Reached ***** piety under Okawaru
  9385 | D:11     | Noticed a six-headed hydra
  9635 | D:11     | Found a shimmering altar of Xom.
 10017 | D:11     | Noticed Erica
 10028 | D:11     | Killed Erica
 10171 | D:11     | Received a gift from Okawaru
 10321 | D:11     | Found a staircase to the Orcish Mines.
 10434 | D:11     | Killed a two-headed hydra
 10479 | D:11     | Received a gift from Okawaru
 10601 | D:12     | Reached XP level 12. HP: 103/104 MP: 11/11
 10609 | D:12     | Found Cegouwid's Jewellery Boutique.
 10623 | D:12     | Reached skill level 16 in Axes
 10632 | D:12     | Bought a +3 amulet of reflection for 188 gold pieces
 10632 | D:12     | Bought an uncursed ring of resist corrosion for 240 gold pieces
 10822 | D:12     | Noticed a two-headed ogre
 10831 | D:12     | Killed a two-headed ogre
 10840 | D:12     | Noticed a two-headed ogre
 10847 | D:12     | Killed a two-headed ogre
 11052 | D:12     | Noticed Harold
 11069 | D:12     | Killed Harold
 11134 | D:12     | Noticed Josephine
 11479 | D:12     | Noticed a two-headed ogre
 11486 | D:12     | Killed a two-headed ogre
 11584 | D:12     | Killed Josephine
 11701 | D:12     | Noticed a two-headed ogre
 11708 | D:12     | Killed a two-headed ogre
 11909 | D:12     | Noticed Kirke
 11919 | D:12     | Killed Kirke
 11919 | D:12     | Reached skill level 10 in Fighting
 11919 | D:12     | Reached skill level 17 in Axes
 11933 | D:12     | Noticed a centaur warrior
 11941 | D:12     | Killed a centaur warrior
 12087 | D:12     | Noticed an orc warlord
 12095 | D:12     | Killed an orc warlord
 12095 | D:12     | Reached ****** piety under Okawaru
 12095 | D:12     | Reached XP level 13. HP: 113/113 MP: 12/12
 12196 | D:13     | Received a gift from Okawaru
 12419 | D:13     | Reached skill level 10 in Shields
 12536 | D:13     | Found Wudwust's Distillery.
 12544 | D:13     | Bought a potion of heal wounds for 75 gold pieces
 12544 | D:13     | Bought a potion of heal wounds for 75 gold pieces
 12544 | D:13     | Bought a potion of might for 60 gold pieces
 12544 | D:13     | Bought a potion of heal wounds for 75 gold pieces
 12738 | Lair:1   | Entered Level 1 of the Lair of Beasts
 12895 | Lair:1   | Reached skill level 1 in Long Blades
 13748 | Lair:2   | Identified the Guide on Lucky Hexes
 14661 | Lair:2   | Found a hole to the Spider Nest.
 15210 | Lair:4   | Found a staircase to the Shoals.
 15291 | Lair:4   | Reached skill level 18 in Axes
 15313 | Lair:4   | Noticed PeterMcNeter's ghost (journeyman DEFE)
 15333 | Lair:4   | Killed PeterMcNeter's ghost
 15615 | Lair:4   | Received a gift from Okawaru
 16062 | Lair:5   | Reached XP level 14. HP: 124/124 MP: 13/13
 16464 | Lair:5   | Found a dark tunnel.
 16966 | Lair:6   | Entered Level 6 of the Lair of Beasts
 17223 | Lair:6   | Reached skill level 19 in Axes
 17490 | Lair:6   | Reached skill level 15 in Armour
 17540 | Lair:6   | Noticed Nessos
 17582 | Lair:6   | Killed Nessos
 17705 | Lair:6   | Received a gift from Okawaru
 17708 | Lair:6   | Got an encrusted battleaxe {god gift}
 17709 | Lair:6   | Identified the +1 battleaxe of Serafuah {drain, MP+9 Int+2} (Okawaru gifted it to you on level 6 of the Lair of Beasts)
 18388 | Orc:1    | Entered Level 1 of the Orcish Mines
 18388 | Orc:1    | Noticed an orc warlord
 18397 | Orc:1    | Received a gift from Okawaru
 18411 | Orc:1    | Killed an orc warlord
 18788 | Orc:1    | Reached skill level 20 in Axes
 19018 | Orc:1    | Found a roughly hewn altar of Beogh.
 19141 | Orc:1    | Noticed an orc warlord
 19146 | Orc:1    | Reached XP level 15. HP: 127/134 MP: 14/14
 19157 | Orc:1    | Killed an orc warlord
 19366 | Orc:2    | Entered Level 2 of the Orcish Mines
 19383 | Orc:2    | Found Darrones's General Store.
 19385 | Orc:2    | Found Yrphol's Jewellery Shoppe.
 19595 | Orc:2    | Found Kevvonli's Jewellery Shop.
 19604 | Orc:2    | Found Birar's Assorted Antiques.
 19624 | Orc:2    | Received a gift from Okawaru
 19722 | Orc:2    | Found a staircase to the Elven Halls.
 19914 | Orc:2    | Found a roughly hewn altar of Beogh.
 20004 | Orc:2    | Bought a +5 ring of slaying for 1591 gold pieces
 20040 | Elf:1    | Entered Level 1 of the Elven Halls
 20533 | Shoals:1 | Entered Level 1 of the Shoals
 21613 | Shoals:2 | Noticed Polyphemus
 21617 | Shoals:1 | Received a gift from Okawaru
 21617 | Shoals:1 | Reached skill level 21 in Axes
 21713 | Shoals:2 | Noticed Jorgrun
 21737 | Shoals:2 | Killed Jorgrun
 21824 | Shoals:2 | Killed from afar by a water nymph

Skill      XL: |  1  2  3  4  5  6  7  8  9 10 11 12 13 14 15 |
---------------+----------------------------------------------+-----
Armour         | 5 6 7 9 10 12 13 14 15 16 | 16.3
Fighting       | 4 5 6 7 9 10 11 12 13 | 13.6
Axes           | 4 6 8 10 12 14 15 17 18 20 21 | 21.1
Shields        | 4 5 6 7 9 11 12 | 12.0
Dodging        | 1 2 3 4 |  4.0
Long Blades    | 3 |  3.9
Invocations    | |  0.2

Action                   |  1- 3 |  4- 6 |  7- 9 | 10-12 | 13-15 || total
-------------------------+-------+-------+-------+-------+-------++-------
Melee: War axe           |    53 |   121 |   431 |   611 |   104 ||  1320
       Headbutt          |     5 |    14 |    81 |   148 |   232 ||   480
       Scimitar          |       |       |       |     6 |    47 ||    53
       Broad axe         |       |       |       |       |   445 ||   445
       Battleaxe         |       |       |       |       |   410 ||   410
Invok: Heroism           |       |       |       |     4 |     2 ||     6
  Use: Potion            |     1 |     1 |       |     5 |     3 ||    10
       Scroll            |       |     6 |    17 |    14 |    14 ||    51
 Stab: Held in net/web   |       |       |       |     1 |       ||     1
       Petrified         |       |       |       |       |     9 ||     9
       Petrifying        |       |       |       |       |     1 ||     1
  Eat: Fruit             |       |     1 |       |       |    13 ||    14
       Chunk             |       |     5 |     2 |    15 |    14 ||    36
       Bread ration      |       |       |     1 |     1 |     1 ||     3
       Royal jelly       |       |       |     2 |     1 |     1 ||     4
Armor: Scale mail        |    20 |    36 |   162 |       |       ||   218
       Skin              |       |     7 |       |       |       ||     7
       Plate armour      |       |       |     6 |   259 |    16 ||   281
       Crystal plate arm |       |       |       |       |   720 ||   720
Dodge: Dodged            |    15 |    30 |   118 |   125 |   255 ||   543
Block: Shield            |    22 |    63 |   210 |   294 |   485 ||  1074
       Reflection        |       |       |       |     2 |     6 ||     8
       Other             |       |       |       |       |    29 ||    29
       Rpst.: Scimitar   |       |       |       |       |    11 ||    11
